[ AOE2 MATCH · #505764598 ]
UnrankedChinese vs Mongols
Player's team · LOSS
Rival team · WIN
[ REPLAY ANALYSIS · EXTRACTED FROM THE RECORDED GAME ]
Feudal
9:35
Castle
24:28
Imperial
—
| APM avg | 79.8 |
| APM peak | 149 |
| eAPM avg | 28.6 |
| Villagers / military | 100 / 60 |
Focus
⚔️ 31.3% · 🌾 68.7%
Skirmisher ×26 · Knight ×19 · Archer ×7 · Monk ×5 · Iron Pagoda ×2 · Battering Ram ×1
Feudal
8:28
Castle
23:42
Imperial
39:51
| APM avg | 62.4 |
| APM peak | 92 |
| eAPM avg | 23.0 |
| Villagers / military | 142 / 97 |
Focus
⚔️ 44.3% · 🌾 55.7%
Cavalry Archer ×36 · Skirmisher ×16 · Camel Scout ×14 · Scout Cavalry ×12 · Archer ×6 · Militia ×4
Match map
Initial resources + every placement click. Lines = walls · curves = elevation contours. ◆ gold · ⬟ stone · ● berries · ✦ relic · ◌ wall gap
Your base· Open — 7t gap
Fs.Jubileu's base· Open — unwalled flank
Smoothed initial terrain · ◌ = detected wall gap · hover for details
Inputs per minute
— tomyam - - Fs.Jubileu
Build order — tomyam
First 150 of 305 actions detected
| 0:01 | Research | Loom |
| 0:02 | Research | Loom |
| 0:43 | Create | Villager (Male) |
| 1:09 | Create | Villager (Male) |
| 1:35 | Create | Villager (Male) |
| 1:57 | Create | Villager (Male) |
| 2:21 | Build | Lumber Camp |
| 2:24 | Create | Villager (Male) |
| 2:45 | Create | Villager (Male) |
| 3:14 | Create | Villager (Male) |
| 3:15 | Create | Villager (Male) |
| 3:25 | Build | House |
| 3:34 | Create | Villager (Male) |
| 3:36 | Build | House |
| 3:42 | Build | Palisade Wall |
| 4:15 | Create | Villager (Male) |
| 4:16 | Create | Villager (Male) |
| 4:16 | Create | Villager (Male) |
| 4:47 | Create | Villager (Male) |
| 4:54 | Build | Mill |
| 5:03 | Create | Villager (Male) |
| 5:44 | Create | Villager (Male) |
| 5:57 | Build | Palisade Wall |
| 6:00 | Create | Villager (Male) |
| 6:21 | Build | Palisade Wall |
| 6:23 | Create | Villager (Male) |
| 7:11 | Build | Lumber Camp |
| 7:22 | Research | Feudal Age |
| 7:49 | Build | Palisade Wall |
| 8:11 | Build | Palisade Wall |
| 8:49 | Build | House |
| 8:55 | Build | House |
| 9:10 | Create | Villager (Male) |
| 9:20 | Build | House |
| 9:22 | Create | Villager (Male) |
| 9:28 | Build | Barracks |
| 9:35 | Age | Feudal Age |
| 9:42 | Research | Double-Bit Axe |
| 9:43 | Create | Villager (Male) |
| 9:48 | Build | Palisade Wall |
| 9:52 | Create | Villager (Male) |
| 9:59 | Build | Watch Tower |
| 10:08 | Create | Villager (Male) |
| 10:13 | Create | Villager (Male) |
| 10:13 | Create | Villager (Male) |
| 10:14 | Create | Villager (Male) |
| 10:46 | Build | House |
| 10:49 | Build | Palisade Wall |
| 10:52 | Build | Archery Range |
| 10:55 | Create | Villager (Male) |
| 11:13 | Research | Horse Collar |
| 11:35 | Create | Skirmisher |
| 11:35 | Create | Skirmisher |
| 11:39 | Build | House |
| 11:41 | Build | Palisade Wall |
| 11:42 | Create | Skirmisher |
| 11:47 | Build | Farm |
| 11:48 | Build | Farm |
| 11:57 | Create | Skirmisher |
| 12:06 | Create | Villager (Male) |
| 12:07 | Create | Villager (Male) |
| 12:10 | Build | Farm |
| 12:11 | Build | Farm |
| 12:16 | Build | House |
| 12:22 | Create | Skirmisher |
| 12:34 | Build | Blacksmith |
| 12:38 | Create | Skirmisher |
| 12:53 | Create | Skirmisher |
| 12:57 | Build | Farm |
| 13:04 | Build | Farm |
| 13:08 | Build | Farm |
| 13:08 | Create | Skirmisher |
| 13:15 | Create | Skirmisher |
| 13:33 | Research | Fletching |
| 13:33 | Research | Fletching |
| 13:36 | Build | Farm |
| 13:37 | Build | Farm |
| 13:39 | Build | Farm |
| 13:55 | Build | Farm |
| 13:58 | Create | Villager (Male) |
| 14:12 | Build | Farm |
| 14:25 | Build | Mining Camp |
| 14:29 | Create | Villager (Male) |
| 14:44 | Build | Farm |
| 14:45 | Build | Farm |
| 14:48 | Build | Farm |
| 14:49 | Create | Villager (Male) |
| 14:57 | Create | Villager (Male) |
| 15:08 | Build | House |
| 15:15 | Create | Villager (Male) |
| 15:18 | Build | Mining Camp |
| 15:22 | Build | Farm |
| 15:24 | Create | Villager (Male) |
| 16:10 | Build | Farm |
| 16:13 | Build | Farm |
| 16:21 | Create | Skirmisher |
| 16:21 | Create | Skirmisher |
| 16:21 | Create | Skirmisher |
| 16:26 | Build | Farm |
| 16:33 | Build | House |
| 16:34 | Build | House |
| 16:41 | Build | Watch Tower |
| 16:50 | Build | House |
| 16:52 | Create | Skirmisher |
| 16:52 | Create | Skirmisher |
| 17:01 | Build | Stone Wall |
| 17:10 | Build | House |
| 17:22 | Create | Skirmisher |
| 17:24 | Build | Palisade Wall |
| 17:30 | Create | Skirmisher |
| 17:39 | Create | Villager (Male) |
| 17:42 | Build | House |
| 17:42 | Create | Skirmisher |
| 17:52 | Create | Skirmisher |
| 17:58 | Build | House |
| 18:04 | Create | Villager (Male) |
| 18:13 | Create | Villager (Male) |
| 18:15 | Create | Skirmisher |
| 18:19 | Create | Skirmisher |
| 18:24 | Create | Villager (Male) |
| 18:36 | Create | Skirmisher |
| 18:40 | Research | Padded Archer Armor |
| 18:41 | Research | Padded Archer Armor |
| 18:42 | Create | Skirmisher |
| 18:45 | Build | Watch Tower |
| 18:58 | Create | Villager (Male) |
| 19:02 | Create | Skirmisher |
| 19:15 | Create | Skirmisher |
| 19:21 | Create | Skirmisher |
| 19:30 | Create | Skirmisher |
| 20:01 | Create | Villager (Male) |
| 20:15 | Create | Archer |
| 20:42 | Build | Market |
| 21:08 | Create | Archer |
| 21:12 | Create | Villager (Male) |
| 21:31 | Build | Stable |
| 21:48 | Research | Castle Age |
| 22:18 | Create | Archer |
| 22:25 | Create | Archer |
| 22:42 | Build | Farm |
| 22:42 | Build | Farm |
| 22:42 | Build | Farm |
| 22:42 | Build | Farm |
| 22:43 | Build | Farm |
| 22:43 | Build | Farm |
| 22:43 | Build | Farm |
| 22:46 | Build | Mill |
| 23:20 | Create | Archer |
| 23:26 | Build | Stable |
| 23:29 | Research | Scale Barding Armor |
Build order — Fs.Jubileu
First 150 of 387 actions detected
| 0:00 | Create | Villager (Male) |
| 0:00 | Create | Villager (Male) |
| 0:00 | Create | Villager (Male) |
| 0:00 | Create | Villager (Male) |
| 0:00 | Create | Villager (Male) |
| 0:00 | Create | Villager (Male) |
| 0:00 | Create | Villager (Male) |
| 0:01 | Create | Villager (Male) |
| 0:01 | Create | Villager (Male) |
| 0:01 | Create | Villager (Male) |
| 0:01 | Create | Villager (Male) |
| 0:01 | Create | Villager (Male) |
| 0:01 | Create | Villager (Male) |
| 0:02 | Build | House |
| 0:03 | Build | House |
| 1:23 | Create | Villager (Male) |
| 1:24 | Create | Villager (Male) |
| 1:53 | Build | Lumber Camp |
| 2:01 | Create | Villager (Male) |
| 2:23 | Create | Villager (Male) |
| 2:23 | Create | Villager (Male) |
| 2:39 | Create | Villager (Male) |
| 2:40 | Create | Villager (Male) |
| 3:10 | Create | Villager (Male) |
| 3:28 | Create | Villager (Male) |
| 3:50 | Build | House |
| 4:06 | Create | Villager (Male) |
| 4:23 | Build | Barracks |
| 4:26 | Create | Villager (Male) |
| 4:51 | Build | House |
| 4:57 | Create | Villager (Male) |
| 5:11 | Create | Villager (Male) |
| 5:34 | Research | Loom |
| 6:18 | Research | Feudal Age |
| 6:18 | Research | Feudal Age |
| 6:23 | Build | Mining Camp |
| 6:58 | Create | Militia |
| 6:59 | Create | Militia |
| 6:59 | Create | Militia |
| 6:59 | Create | Militia |
| 8:28 | Age | Feudal Age |
| 8:33 | Research | Man-at-Arms (upgrade) |
| 8:34 | Create | Villager (Male) |
| 8:39 | Build | House |
| 8:40 | Build | Archery Range |
| 9:17 | Create | Villager (Male) |
| 9:33 | Build | Watch Tower |
| 9:34 | Create | Archer |
| 9:50 | Create | Villager (Male) |
| 9:55 | Create | Villager (Male) |
| 10:03 | Build | House |
| 10:11 | Create | Archer |
| 10:14 | Create | Villager (Male) |
| 10:20 | Build | Mill |
| 10:38 | Create | Archer |
| 10:59 | Create | Villager (Male) |
| 11:01 | Create | Archer |
| 11:23 | Build | Watch Tower |
| 11:32 | Create | Villager (Male) |
| 11:44 | Create | Archer |
| 11:56 | Create | Villager (Male) |
| 11:59 | Build | Farm |
| 12:17 | Create | Archer |
| 12:48 | Create | Villager (Male) |
| 12:59 | Create | Villager (Male) |
| 13:01 | Create | Skirmisher |
| 13:04 | Build | House |
| 13:05 | Build | House |
| 13:23 | Create | Villager (Male) |
| 13:30 | Create | Skirmisher |
| 13:37 | Build | House |
| 13:40 | Build | House |
| 13:55 | Build | Farm |
| 13:56 | Build | Farm |
| 13:56 | Build | Farm |
| 14:03 | Create | Skirmisher |
| 14:11 | Build | Stone Wall |
| 14:16 | Build | Stone Wall |
| 14:18 | Build | Stone Wall |
| 14:18 | Build | Stone Wall |
| 14:19 | Build | Stone Wall |
| 14:19 | Build | Stone Wall |
| 14:20 | Build | Stone Wall |
| 14:26 | Build | House |
| 14:39 | Create | Villager (Male) |
| 14:42 | Build | Blacksmith |
| 14:48 | Create | Skirmisher |
| 14:50 | Build | Farm |
| 14:51 | Create | Villager (Male) |
| 15:06 | Create | Skirmisher |
| 15:10 | Create | Villager (Male) |
| 15:32 | Research | Fletching |
| 15:33 | Create | Villager (Male) |
| 15:35 | Build | Farm |
| 15:37 | Create | Skirmisher |
| 15:45 | Create | Villager (Male) |
| 15:52 | Research | Double-Bit Axe |
| 16:03 | Create | Skirmisher |
| 16:29 | Create | Villager (Male) |
| 16:30 | Build | Mining Camp |
| 16:35 | Build | House |
| 16:36 | Build | Palisade Wall |
| 17:20 | Create | Villager (Male) |
| 17:29 | Create | Villager (Male) |
| 17:39 | Create | Villager (Male) |
| 17:44 | Build | Farm |
| 17:45 | Build | Farm |
| 17:45 | Build | Farm |
| 17:45 | Build | Farm |
| 17:51 | Create | Skirmisher |
| 17:58 | Build | Farm |
| 18:25 | Build | Farm |
| 18:27 | Build | Farm |
| 18:29 | Build | Farm |
| 18:33 | Create | Villager (Male) |
| 18:37 | Create | Skirmisher |
| 18:53 | Build | Farm |
| 18:55 | Create | Villager (Male) |
| 19:10 | Build | Watch Tower |
| 19:25 | Create | Villager (Male) |
| 19:27 | Build | Farm |
| 19:40 | Create | Skirmisher |
| 19:52 | Create | Villager (Male) |
| 19:56 | Create | Villager (Male) |
| 20:27 | Build | Farm |
| 20:33 | Build | Farm |
| 20:35 | Build | House |
| 21:02 | Research | Castle Age |
| 21:13 | Build | Archery Range |
| 21:16 | Create | Skirmisher |
| 21:27 | Build | Lumber Camp |
| 21:33 | Research | Horse Collar |
| 21:50 | Create | Skirmisher |
| 22:00 | Research | Padded Archer Armor |
| 22:00 | Research | Padded Archer Armor |
| 22:23 | Build | Stable |
| 22:49 | Research | Scale Barding Armor |
| 23:05 | Build | Lumber Camp |
| 23:13 | Create | Villager (Male) |
| 23:13 | Create | Villager (Male) |
| 23:13 | Create | Villager (Male) |
| 23:21 | Create | Skirmisher |
| 23:21 | Create | Skirmisher |
| 23:42 | Age | Castle Age |
| 23:45 | Research | Bodkin Arrow |
| 23:45 | Research | Bodkin Arrow |
| 23:46 | Create | Camel Scout |
| 23:46 | Create | Camel Scout |
| 23:57 | Create | Villager (Male) |
| 23:59 | Create | Villager (Male) |
Match timeline
| 3:42 | tomyam · wall_segment Palisade Wall x1 |
| 4:23 | Fs.Jubileu · first_building Barracks |
| 5:57 | tomyam · wall_segment Palisade Wall x10 |
| 6:21 | tomyam · wall_segment Palisade Wall x6 |
| 7:49 | tomyam · wall_segment Palisade Wall x8 |
| 8:11 | tomyam · wall_segment Palisade Wall x8 |
| 8:28 | Fs.Jubileu · age_up feudal |
| 8:40 | Fs.Jubileu · first_building Archery Range |
| 9:28 | tomyam · first_building Barracks |
| 9:35 | tomyam · age_up feudal |
| 9:48 | tomyam · wall_segment Palisade Wall x7 |
| 10:49 | tomyam · wall_segment Palisade Wall x5 |
| 10:52 | tomyam · first_building Archery Range |
| 11:41 | tomyam · wall_segment Palisade Wall x1 |
| 14:11 | Fs.Jubileu · wall_segment Stone Wall x1 |
| 14:16 | Fs.Jubileu · wall_segment Stone Wall x1 |
| 14:18 | Fs.Jubileu · wall_segment Stone Wall x1 |
| 14:18 | Fs.Jubileu · wall_segment Stone Wall x1 |
| 14:19 | Fs.Jubileu · wall_segment Stone Wall x1 |
| 14:19 | Fs.Jubileu · wall_segment Stone Wall x1 |
| 14:20 | Fs.Jubileu · wall_segment Stone Wall x1 |
| 16:36 | Fs.Jubileu · wall_segment Palisade Wall x1 |
| 17:01 | tomyam · wall_segment Stone Wall x1 |
| 17:24 | tomyam · wall_segment Palisade Wall x1 |
| 21:31 | tomyam · first_building Stable |
| 21:46 | tomyam · first_market_buy 100 stone |
| 22:23 | Fs.Jubileu · first_building Stable |
| 23:42 | Fs.Jubileu · age_up castle |
| 24:28 | tomyam · age_up castle |
| 24:34 | Fs.Jubileu · first_building Siege Workshop |
| 26:47 | tomyam · first_building Monastery |
| 26:52 | Fs.Jubileu · first_building Monastery |
| 27:26 | tomyam · first_building Siege Workshop |
| 30:01 | tomyam · first_building Castle |
| 34:13 | tomyam · first_market_sell 100 wood |
| 36:09 | tomyam · wall_segment Palisade Wall x1 |
| 38:50 | Fs.Jubileu · first_building Castle |
| 39:51 | Fs.Jubileu · age_up imperial |
| 40:51 | tomyam · resign |
[ AI ANALYSIS · 1 CREDIT ]
What really happened in this match?
Wolo.gg analyzes every decision: build order, eco, micro, common mistakes by bracket. Personalized analysis on WhatsApp or Discord in 30 seconds.
Civ guide
Chinese
Perfil
Jugador #2646845